 Dungeon Crawl Stone Soup version 0.22.1-2-g9c5b331 (webtiles) character file.

42 redwoodhats the Shooter (level 3, -6/30 HPs)
             Began as a Minotaur Hunter on Dec 3, 2018.
             Mangled by a worm (8 damage)
             ... on level 2 of the Dungeon.
             The game lasted 00:08:08 (905 turns).

redwoodhats the Shooter (Minotaur Hunter)            Turns: 905, Time: 00:08:08

Health: -6/30      AC:  3    Str: 16    XL:     3   Next: 33%
Magic:  1/1        EV: 12    Int:  6    God:
Gold:   57         SH:  0    Dex: 11    Spells: 2/2 levels left

rFire    . . .     SeeInvis .   k - +0 battleaxe
rCold    . . .     Gourm    .   (shield currently unavailable)
rNeg     . . .     Faith    .   c - +0 leather armour
rPois    .         Spirit   .   (helmet restricted)
rElec    .         Reflect  .   (no cloak)
rCorr    .         Harm     .   i - +1 pair of gloves
MR       +....                  (no boots)
Stlth    +.........             (no amulet)
HPRegen  0.10/turn              (no ring)
MPRegen  0.07/turn              (no ring)

@: no status effects
A: retaliatory headbutt, horns 2, deformed body, dopey 1, low mp 1, magic
resistance 1
a: no special abilities


You were on level 2 of the Dungeon.
You were not hungry.

You visited 1 branch of the dungeon, and saw 2 of its levels.

You collected 57 gold pieces.

Inventory:

Hand Weapons
 a - a +1 shortbow
 b - a +0 short sword
 e - a +0 whip
 h - a +0 spear
 k - a +0 battleaxe (weapon)
Missiles
 d - 50 arrows
Armour
 c - a +0 leather armour (worn)
 i - a +1 pair of gloves (worn)
Jewellery
 j - an uncursed ring of stealth
Scrolls
 m - 2 scrolls of remove curse {unknown}
 o - a scroll of identify
Potions
 g - 2 potions of curing
 l - a potion of might
 n - a potion of invisibility
Comestibles
 f - 2 rations


   Skills:
 + Level 2.4 Fighting
 + Level 5.5 Bows
 + Level 1.2 Armour
 + Level 2.2 Dodging
 + Level 0.7 Stealth


You had 2 spell levels left.
You didn't know any spells.
Your spell library was empty.

Dungeon Overview and Level Annotations

Branches:
Dungeon (2/15)

Altars:
Fedhas


Innate Abilities, Weirdness & Mutations

You reflexively headbutt those who attack you in melee.
You have a pair of horns on your head.
Armour fits poorly on your strangely shaped body.
You are dopey. (Int -2)
Your magical capacity is low. (-10% MP)
You are resistant to hostile enchantments. (MR+)


Message History

The goblin barely misses you.
You barely miss the goblin. Your headbutt misses the goblin.
The goblin barely misses you. You furiously retaliate!
You headbutt the goblin!
You kill the goblin!
A worm comes into view.
Things that are here:
a club; a leather armour You hit the worm.
The worm is moderately wounded.
You feel sick. The worm bites you.
You barely miss the worm.
The worm is lightly wounded.
The worm bites you!
* * * LOW HITPOINT WARNING * * *
You barely miss the worm.
The worm is lightly wounded.
You feel sick.
You are no longer poisoned.
The worm bites you!
You die...

## ######## ### .. ....
... ..# #.####.#
#.####.# #.#..'.+
#.#.⌠#.# #.#..#.#
#.#..#.#
#.#+##.#†##.#+##.#'##.#
.......@..............#
#.#'##w#+##.#'##.#'##.#
#. #.#..#.#..#.# '.
#.#..'.'..#.# ##.
#.####.####.# .. ...
........# ## ###
#######.# #.#..#
##.#.##


You could see a worm.

Vanquished Creatures
  An adder (D:2)
  A worm (D:2)
  3 leopard geckos (D:1)
  2 bats
  2 giant cockroaches
  5 goblins
  A hobgoblin (D:1)
  2 jackals (D:2)
  5 frilled lizards (D:1)
  2 kobolds
  3 rats (D:1)
27 creatures vanquished.

Notes
Turn   | Place    | Note
-------+----------+-------------------------------------------
     0 | D:1      | redwoodhats the Minotaur Hunter began the quest for the
                  | Orb.
     0 | D:1      | Reached XP level 1. HP: 18/18 MP: 0/0
   177 | D:1      | Reached XP level 2. HP: 14/25 MP: 1/1
   372 | D:1      | Reached skill level 5 in Bows
   625 | D:1      | Gained mutation: Your magical capacity is low. (-10% MP)
                  | [potion of mutation]
   625 | D:1      | Gained mutation: Armour fits poorly on your strangely
                  | shaped body. [potion of mutation]
   625 | D:1      | Gained mutation: You are dopey. (Int -2) [potion of
                  | mutation]
   625 | D:1      | Gained mutation: You are resistant to hostile enchantments.
                  | (MR+) [potion of mutation]
   696 | D:2      | Reached skill level 1 in Armour
   759 | D:2      | Found a blossoming altar of Fedhas.
   840 | D:2      | Reached XP level 3. HP: 30/30 MP: 1/1
   905 | D:2      | Mangled by a worm

Skill      XL: |  1  2 |
---------------+-------+-----
Bows           | 5 |  5.5
Armour         | 1 |  1.2
Fighting       | |  2.4
Dodging        | |  2.2
Stealth        | |  0.7

Action                   || total
-------------------------++-------
Melee: Short sword       ||     8
       Spear             ||     3
       Headbutt          ||     4
       Battleaxe         ||    18
       Shortbow          ||     6
 Fire: Shortbow          ||    41
  Use: Scroll            ||     4
       Potion            ||     4
Armor: Leather armour    ||     7
Dodge: Dodged            ||    28
